 Dungeon Crawl Stone Soup version 0.26.1-10-gdfb7c7de75 (webtiles) character file.

Game seed: 12019227924274922460

364 tardwrangler69 the Skirmisher (level 6, -6/34 HPs)
             Began as a Vine Stalker Fighter on Apr 9, 2021.
             Killed by nerve-wracking pain
             ... invoked by an orc priest
              (8 damage)
             ... on level 3 of the Dungeon.
             The game lasted 00:01:56 (2115 turns).

tardwrangler69 the Skirmisher (VSFi)                Turns: 2115, Time: 00:01:57

Health: -6/34      AC:  6    Str: 20    XL:     6   Next: 67%
Magic:  0/7        EV:  7    Int:  8    God:
Gold:   140        SH:  9    Dex: 14    Spells: 5/5 levels left

rFire    . . .     SeeInvis .   a - +0 rapier
rCold    . . .     Faith    .   c - +0 kite shield
rNeg     . . .     Spirit   +   b - +0 scale mail
rPois    .         Reflect  .   (no helmet)
rElec    .         Harm     .   (no cloak)
rCorr    .         Rampage  .   (no gloves)
Will     .....                  (no boots)
Stlth    ..........             (no amulet)
HPRegen  0.51/turn              (no ring)
MPRegen  0.10/turn              (no ring)

@: no status effects
A: fangs 2, regeneration 1, magic shield, antimagic bite, no potion heal 3
a: no special abilities


You were on level 3 of the Dungeon.
You visited 1 branch of the dungeon, and saw 3 of its levels.

You collected 140 gold pieces.

Inventory:

Hand Weapons
 a - a +0 rapier (weapon)
Armour
 b - a +0 scale mail (worn)
 c - a +0 kite shield (worn)
Scrolls
 e - 3 scrolls of remove curse {unknown}
 f - a scroll of noise {unknown}
 i - 5 scrolls of identify {unknown}
 n - a scroll of fog {unknown}
 p - a scroll of random uselessness {unknown}
Potions
 d - 2 potions of might
 g - a potion of lignification {unknown}
 h - 2 potions of mutation {unknown}
 j - 2 potions of heal wounds {unknown}
 k - a potion of magic {unknown}
 l - a potion of degeneration {unknown}
 m - a potion of invisibility {unknown}
 o - 2 potions of curing {unknown}
 q - a potion of attraction {unknown}


   Skills:
 + Level 4.7 Fighting
 + Level 4.2 Short Blades
 - Level 2.4 Armour
 + Level 3.5 Shields


You had 5 spell levels left.
You didn't know any spells.
Your spell library was empty.

Dungeon Overview and Level Annotations

Branches:
Dungeon (3/15)

Altars:


Innate Abilities, Weirdness & Mutations

You have extremely sharp teeth.
Your natural rate of healing is unusually fast.
When hurt, damage is shared between your health and your magic reserves.
Your bite disrupts and absorbs the magic of your enemies.
Potions cannot restore your health.


Message History

You block the orc wizard's attack. The orc wizard closely misses you.
You hit the orc priest but do no damage.
Your bite misses the orc priest.
The orc priest is heavily wounded.
You block the kobold's attack.
The kobold hits you from afar with a +0 trident.
* * * LOW HITPOINT WARNING * * *
The orc wizard hits you with a +0 dagger.
* * * LOW HITPOINT WARNING * * *
The orc wizard barely misses you. You block the orc priest's attack.
You hit the orc priest but do no damage.
You bite the orc priest. You drain its power.
You feel invigorated.
The orc priest is almost dead.
The orc wizard completely misses you. The kobold closely misses you.
The kobold hits you from afar with a +0 trident.
* * * LOW HITPOINT WARNING * * *
The orc wizard falters for a moment.
The orc priest calls down the wrath of Beogh upon you.
Pain shoots through your body!
You die...

............#..
..(.#
.#........###.#
....(#
###..###.†.##.#
....# #.........#.#
....# .
#.###.†...#.###....#
. #.#.............#
.# .
...............##..#
#
..........###......#
###........ #.@o##.#
#........##oKo.#
###..###.#....K..#
##. .........# #.
##.........# ##
##.......... ...
#....$#.... ...
###$#.#.#.. .##


You could see an orc priest, 2 orc wizards and 2 kobolds.

Vanquished Creatures
  Grinder (D:3)
  A bullfrog skeleton (D:2)
  Jessica (D:2)
  A gnoll (D:1)
  4 adders
  3 dart slugs
  A leopard gecko (D:2)
  2 orcs (D:3)
  A ball python (D:1)
  8 bats
  5 giant cockroaches
  11 goblins
  5 hobgoblins
  3 jackals (D:1)
  4 kobolds
  A quokka (D:2)
  6 frilled lizards
  2 rats
60 creatures vanquished.

Notes
Turn   | Place    | Note
-------+----------+-------------------------------------------
     0 | D:1      | tardwrangler69 the Vine Stalker Fighter began the quest for
                  | the Orb.
     0 | D:1      | Reached XP level 1. HP: 11/11 MP: 2/2
    96 | D:1      | Reached XP level 2. HP: 11/16 MP: 1/3
   608 | D:1      | Reached XP level 3. HP: 20/20 MP: 4/4
  1397 | D:2      | Gained mutation: Your natural rate of healing is unusually
                  | fast. [Vine Stalker growth]
  1397 | D:2      | Reached XP level 4. HP: 12/25 MP: 3/5
  1728 | D:2      | Noticed Jessica
  1733 | D:2      | Killed Jessica
  1734 | D:2      | Reached XP level 5. HP: 28/29 MP: 4/6
  1966 | D:3      | Noticed Grinder
  1990 | D:3      | Killed Grinder
  1991 | D:3      | Reached XP level 6. HP: 12/34 MP: 7/7
  2115 | D:3      | Killed from afar by an orc priest

Illustrated notes

Levels and vault maps discovered:
D:1:      minmay_arrival_up_and_down, layout_basic, minmay_pentomino_u2
D:2:      layout_basic, uniq_jessica
D:3:      layout_rooms, uniq_grinder

Skill      XL: |  1  2  3  4  5 |
---------------+----------------+-----
Short Blades   | 2 3 4 |  4.2
Fighting       | 3 4 |  4.7
Shields        | 3 |  3.5
Armour         | |  2.4

Action                   |  1- 3 |  4- 6 || total
-------------------------+-------+-------++-------
Melee: Rapier            |    18 |   118 ||   136
       Bite              |    26 |    31 ||    57
       Dagger            |    87 |     1 ||    88
Armor: Scale mail        |    39 |    40 ||    79
Dodge: Dodged            |    32 |    33 ||    65
Block: Kite shield       |    41 |    57 ||    98
